 Dungeon Crawl Stone Soup version 0.29.1-1-gd02db6906a (webtiles) character file.

Game seed: 10894547190004081840

2040 Hadkhar the Covert (level 9, 0/39 HPs)
             Began as a Spriggan Venom Mage on Oct 2, 2022.
             Was an Initiate of Qazlal.
             Slain by Pingasnik's ghost (11 damage)
             ... on level 6 of the Dungeon.
             The game lasted 01:00:36 (8610 turns).

Hadkhar the Covert (Spriggan Venom Mage)            Turns: 8610, Time: 01:00:37

Health: 0/39       AC:  6    Str:  4    XL:     9   Next: 4%
Magic:  20/20      EV: 19    Int: 20    God:    Qazlal [......]
Gold:   293        SH:  0    Dex: 16    Spells: 19/22 levels left

rFire   . . .      SeeInvis +   l - +1 dagger (elec)
rCold   . . .      Faith    .   (no shield)
rNeg    . . .      Spirit   .   a - +0 robe
rPois   .          Reflect  .   (helmet restricted)
rElec   .          Harm     .   (no cloak)
rCorr   .          Rampage  .   (gloves unavailable)
Will    +....                   (boots unavailable)
Stlth   ++++......              (no amulet)
HPRegen 0.13/turn               E - +4 ring of protection
MPRegen 0.17/turn               (no ring)

@: very quick
A: very small, no large weapons, unfitting armour, see invisible, speed 3
a: Renounce Religion


You were on level 6 of the Dungeon.
You worshipped Qazlal.
Qazlal was noncommittal.
You visited 2 branches of the dungeon, and saw 7 of its levels.
You also visited: Ossuary.

You collected 293 gold pieces.

Inventory:

Hand Weapons
 l - a +1 dagger of electrocution (weapon)
 o - a +2 dagger of draining
 r - a +0 sling
Missiles
 j - 6 poisoned darts
Armour
 a - a +0 robe (worn)
Magical Staves
 w - a staff of fire
Jewellery
 s - an amulet of guardian spirit
 E - a +4 ring of protection (left hand)
Wands
 t - a wand of flame (8)
 v - a wand of roots (5)
Scrolls
 c - a scroll of fear {unknown}
 d - 2 scrolls of blinking
 f - a scroll of vulnerability {unknown}
 g - 4 scrolls of identify
 h - a scroll of summoning {unknown}
 i - 5 scrolls of teleportation
 q - 2 scrolls of noise {unknown}
 u - 4 scrolls of poison
 y - a scroll of enchant armour {unknown}
 z - a scroll of amnesia {unknown}
 D - a scroll of butterflies {unknown}
Potions
 b - 3 potions of magic
 e - 4 potions of flight
 k - 2 potions of haste
 m - 2 potions of heal wounds
 n - a potion of brilliance
 p - a potion of berserk rage
 x - a potion of mutation
 A - 2 potions of lignification {unknown}
 B - 2 potions of might {unknown}
 C - 2 potions of curing {unknown}


   Skills:
 - Level 2.4 Ranged Weapons
 - Level 5.5 Dodging
 + Level 9.3 Stealth
 + Level 7.2 Spellcasting
 + Level 2.2 Conjurations
 - Level 1.3 Transmutations
 * Level 5.2 Air Magic
 - Level 4.2 Poison Magic


You had 19 spell levels left.
You knew the following spells:

 Your Spells              Type           Power      Damage    Failure   Level
a - Sting                 Tmut/Pois      72%        1d6       3%          1
b - Poisonous Vapours     Pois/Air       52%        N/A       1%          2

Your spell library contained the following spells:

 Spells                   Type           Power      Damage    Failure   Level
 Static Discharge         Conj/Air       22%        3-6/arc   3%          2
 Swiftness                Air            28%        N/A       3%          3
 Mephitic Cloud           Conj/Pois/Air  22%        N/A       5%          3
 Passwall                 Tmut/Erth      7%         N/A       11%         2
 Ensorcelled Hibernation  Hex/Ice        14%        N/A       14%         2
 Olgreb's Toxic Radiance  Pois           24%        N/A       16%         4
 Call Canine Familiar     Summ           7%         N/A       28%         3
 Portal Projectile        Hex/Tloc       14%        N/A       28%         3
 Lightning Bolt           Conj/Air       11%        1d24      50%         5
 Leda's Liquefaction      Hex/Erth       3%         N/A       67%         4
 Maxwell's Capacitive Co  Air            14%        ∞         100%        8


Dungeon Overview and Level Annotations

Branches:
Dungeon (6/15)             Temple (1/1) D:6         Ossuary (visited)

Altars:
Ashenzari
Cheibriados
Elyvilon
Fedhas
Gozag
Kikubaaqudgha
Nemelex Xobeh
Okawaru
Qazlal
Sif Muna
Trog
Uskayaw
Vehumet
Xom
The Shining One

Shops:
D:4 :?

Annotations:
D:6 Pingasnik's ghost, novice MiBe


Innate Abilities, Weirdness & Mutations

You are very small and have problems with some larger weapons.
You are too small for most types of armour.
You have supernaturally acute eyesight. (SInv)
You cover ground extremely quickly. (Speed+++)


Message History

The grasping roots constrict the bullfrog.
The bullfrog struggles to escape constriction.
The bullfrog escapes!
Aiming: Throw Flame
Press: ? - help, Q - select action, (/) - cycle Shift-Dir - straight line, f - bullfrog
Aim: a bullfrog (moderately wounded, 60% to hit)
The puff of flame hits Pingasnik's ghost.
Pingasnik's ghost is lightly damaged.
Aiming: Throw Flame
Press: ? - help, Q - select action, (/) - cycle Shift-Dir - straight line, f/p - bullfrog
Aim: a bullfrog (moderately wounded, 60% to hit)
The puff of flame hits the bullfrog!
The bullfrog is severely wounded.
Something unseen opens the door.
An orc wizard comes into view. It is wielding a +0 dagger.
You closely miss Pingasnik's ghost.
Pingasnik's ghost is lightly damaged.
Pingasnik's ghost barely misses you.
You hit Pingasnik's ghost.
Pingasnik's ghost is lightly damaged.
Pingasnik's ghost completely misses you.
You closely miss Pingasnik's ghost.
Pingasnik's ghost is lightly damaged.
Pingasnik's ghost closely misses you.
You hit Pingasnik's ghost but do no damage.
Lightning courses through Pingasnik's ghost!
Pingasnik's ghost is moderately damaged.
Pingasnik's ghost hits you.
You closely miss Pingasnik's ghost.
Pingasnik's ghost is moderately damaged.
Pingasnik's ghost hits you!
You hit Pingasnik's ghost.
Pingasnik's ghost is moderately damaged.
Pingasnik's ghost hits you.
You hit Pingasnik's ghost.
Pingasnik's ghost is moderately damaged.
Pingasnik's ghost hits you!
* * * LOW HITPOINT WARNING * * *
You are electrocuted!
You die...

## #~~~#.## #.##
####~~~#..# #.#
...#~~~#..## #.#
...#~~~#...##
###.###
...##r##.#..#
#.....#
.........##.##
#.###.#
......##.....## ##.#
..#
.....###.##..r###..#
..# .÷...#
#.####SFW@.## ..#
.....# #.. #.F####
.# .....# ####...#
.. .....# #.#.#
#.#.## #.### ....# #
..#.# ..#.# #.# #


You could see 2 bullfrogs, Pingasnik's ghost, a river rat and a ball python.

Vanquished Creatures
  Prince Ribbit (D:5)
  Sigmund (D:3)
  Edmund (D:5)
  3 black bears
  2 ice beasts
  An ogre (D:4)
  3 bullfrogs
  2 scorpions
  A necrophage (D:5)
  A jelly (D:4)
  3 hounds
  A human zombie (Ossuary)
  Crazy Yiuf (D:5)
  Natasha (thrice) (D:3)
  Jessica (D:2)
  5 iguanas
  3 mummies (Ossuary)
  3 gnolls (D:3)
  5 adders
  A white imp (D:5)
  3 adder zombies
  2 worms
  4 dart slugs
  5 orcs
  5 ball pythons
  A bat skeleton (D:2)
  10 endoplasms
  5 giant cockroaches
  A gnoll zombie (Ossuary)
  2 goblins
  9 hobgoblins
  6 jackals (D:1)
  8 kobolds
  4 quokkas
  3 bats (D:1)
  4 frilled lizards
  3 goblin zombies (Ossuary)
  2 hobgoblin zombies (Ossuary)
  6 kobold zombies (Ossuary)
  A quokka skeleton (D:2)
  2 quokka zombies (Ossuary)
  7 rats
  2 rat zombies (Ossuary)
137 creatures vanquished.

Vanquished Creatures (others)
  3 withered plants (D:2)
3 creatures vanquished.

Grand Total: 140 creatures vanquished

Notes
Turn   | Place    | Note
-------+----------+-------------------------------------------
     0 | D:1      | Hadkhar the Spriggan Venom Mage began the quest for the
                  | Orb.
     0 | D:1      | Reached XP level 1. HP: 9/9 MP: 5/5
   147 | D:1      | Reached XP level 2. HP: 13/13 MP: 3/6
   563 | D:1      | Reached XP level 3. HP: 16/16 MP: 3/8
  1106 | D:2      | Reached skill level 4 in Stealth
  1630 | D:2      | Found a faded altar of an unknown god.
  1771 | D:2      | Reached XP level 4. HP: 10/21 MP: 8/10
  2153 | D:2      | Noticed Jessica
  2159 | D:2      | Killed Jessica
  2312 | D:3      | Learned a level 2 spell: Poisonous Vapours
  2435 | D:3      | Reached XP level 5. HP: 22/24 MP: 2/11
  2582 | D:3      | Noticed Sigmund
  2604 | D:3      | Killed Sigmund
  2605 | D:3      | Reached skill level 5 in Stealth
  2605 | D:3      | Reached XP level 6. HP: 7/28 MP: 2/13
  3222 | D:3      | Noticed Natasha
  3230 | D:3      | Killed Natasha
  3231 | D:3      | Reached skill level 5 in Dodging
  3607 | D:3      | Noticed Natasha
  3613 | D:3      | Killed Natasha
  3614 | D:3      | Reached skill level 6 in Stealth
  4053 | D:3      | Noticed Natasha
  4071 | D:3      | Killed Natasha
  4072 | D:3      | Reached skill level 1 in Ranged Weapons
  4371 | D:4      | Reached skill level 5 in Spellcasting
  4371 | D:4      | Reached XP level 7. HP: 19/32 MP: 12/15
  4789 | D:4      | Found Ehuruanu's Vocational Training.
  5035 | D:4      | Found Rugotod's Magic Scroll Boutique.
  5096 | D:4      | Reached skill level 1 in Air Magic
  5219 | D:4      | Reached skill level 7 in Stealth
  5526 | D:4      | Found a snail-covered altar of Cheibriados.
  5714 | D:5      | Entered Level 5 of the Dungeon
  5799 | D:5      | Found a sand-covered staircase.
  5805 | Ossuary  | Entered an ossuary
  6464 | D:5      | Found a runed translucent door.
  6465 | D:5      | Noticed Crazy Yiuf
  6482 | D:5      | Killed Crazy Yiuf
  6652 | D:5      | Reached XP level 8. HP: 36/36 MP: 16/18
  6721 | D:5      | Reached skill level 8 in Stealth
  6829 | D:5      | Reached skill level 1 in Conjurations
  7097 | D:5      | Noticed Prince Ribbit
  7137 | D:5      | Noticed Edmund
  7152 | D:5      | Killed Prince Ribbit
  7204 | D:5      | HP: 1/36 [poisoned by Edmund]
  7214 | D:5      | Killed Edmund
  7997 | D:6      | Reached skill level 9 in Stealth
  8187 | D:6      | Reached skill level 5 in Air Magic
  8285 | D:6      | Found a runed translucent door.
  8290 | D:6      | Noticed Pingasnik's ghost (novice MiBe)
  8294 | D:6      | Found a staircase to the Ecumenical Temple.
  8299 | D:6      | Reached XP level 9. HP: 30/39 MP: 20/20
  8458 | Temple   | Entered the Ecumenical Temple
  8539 | Temple   | Became a worshipper of Qazlal Stormbringer
  8610 | D:6      | Slain by Pingasnik's ghost

Illustrated notes

Levels and vault maps discovered:
D:1:      kennysheep_arrival_forest, layout_basic
D:2:      layout_loops_corners, shapermc_ecumenical_altar_starsandcircs,
          serial_undead, serial_undead_b, serial_undead_b, serial_undead_d,
          serial_undead_b, uniq_jessica
D:3:      layout_loops_ring, uniq_natasha, uniq_sigmund
D:4:      dreamdust_elfheim, layout_gridville, kennysheep_slug_shrine,
          serial_shops, shop, minmay_misc_feat_secret_circle,
          dreamdust_wishing_well, nicolae_shop_vocational
D:5:      layout_loops_corners, enter_ossuary_5, minmay_door_square,
          uniq_prince_ribbit1, uniq_crazy_yiuf_cottage, uniq_edmund
D:6:      layout_rooms, nicolae_overflow_hidden_temple,
          nicolae_ru_great_annihilating_truth, minmay_temple_entry_mini_moons,
          ebering_ghost_sewer_f, minmay_misc_feat_enclosed
Temple:   nicolae_temple_superstar

Skill      XL: |  1  2  3  4  5  6  7  8 |
---------------+-------------------------+-----
Dodging        | 3 4 5 |  5.5
Spellcasting   | 3 4 5 6 7 |  7.2
Stealth        | 4 5 6 7 9 |  9.3
Poison Magic   | 4 |  4.2
Ranged Weapons | 2 |  2.4
Air Magic      | 3 5 |  5.2
Conjurations   | 2 |  2.2
Transmutations | |  1.3

Action                   |  1- 3 |  4- 6 |  7- 9 || total
-------------------------+-------+-------+-------++-------
Melee: Dagger            |    77 |     9 |   190 ||   276
       Punch             |       |       |     3 ||     3
 Fire: Sling             |       |    37 |    55 ||    92
 Cast: Sting             |    34 |    22 |    52 ||   108
       Poisonous Vapours |       |     8 |     6 ||    14
Evoke: Wand              |       |     2 |    19 ||    21
  Use: Scroll            |       |       |     9 ||     9
       Potion            |       |       |     1 ||     1
 Stab: Sleeping          |    13 |     2 |    10 ||    25
Armor: Robe              |     6 |     3 |    19 ||    28
Dodge: Dodged            |    66 |    18 |   193 ||   277
